 Dungeon Crawl Stone Soup version 0.27.1-15-g792fb953b9 (webtiles) character file.

Game seed: 3611201560575586994

68 spaced the Stinger (level 4, 0/24 HPs)
             Began as a Deep Elf Venom Mage on Nov 20, 2021.
             Slain by a bullfrog zombie (4 damage)
             ... on level 3 of the Dungeon.
             The game lasted 00:14:10 (2085 turns).

spaced the Stinger (Deep Elf Venom Mage)            Turns: 2085, Time: 00:14:10

Health: 0/24       AC:  2    Str:  5    XL:     4   Next: 1%
Magic:  7/11       EV: 12    Int: 21    God:
Gold:   22         SH:  0    Dex: 15    Spells: 1/10 levels left

rFire    . . .     SeeInvis .   i - staff of conjuration
rCold    . . .     Faith    .   (no shield)
rNeg     . . .     Spirit   .   a - +0 robe
rPois    .         Reflect  .   (no helmet)
rElec    .         Harm     .   (no cloak)
rCorr    .         Rampage  .   (no gloves)
Will     .....                  (no boots)
Stlth    ++........             (no amulet)
HPRegen  0.08/turn              (no ring)
MPRegen  0.12/turn              (no ring)

@: no status effects
A: no striking features
a: no special abilities


You were on level 3 of the Dungeon.
You visited 1 branch of the dungeon, and saw 3 of its levels.

You collected 22 gold pieces.

Inventory:

Hand Weapons
 e - a +0 dagger
 f - a +0 short sword
Missiles
 h - 6 javelins
 j - 21 poisoned darts (quivered)
Armour
 a - a +0 robe (worn)
Magical Staves
 i - a staff of conjuration (weapon)
Scrolls
 g - 2 scrolls of enchant armour {unknown}
Potions
 b - a potion of mutation {unknown}
 c - a potion of lignification {unknown}


   Skills:
 + Level 2.6 Dodging
 + Level 3.0 Stealth
 + Level 3.9 Spellcasting
 + Level 2.2 Transmutations
 + Level 4.0 Poison Magic


You had one spell level left.
You knew the following spells:

 Your Spells              Type           Power      Damage    Failure   Level
a - Sting                 Tmut/Pois      68%        1d6       3%          1
b - Passwall              Tmut/Erth      6%         N/A       12%         2
c - Poisonous Vapours     Pois/Air       24%        N/A       8%          2
d - Freeze                Ice            16%        1d4       12%         1
e - Mephitic Cloud        Conj/Pois/Air  14%        N/A       21%         3

Your spell library contained the following spells:

 Spells                   Type           Power      Damage    Failure   Level
 Olgreb's Toxic Radiance  Pois           21%        N/A       22%         4
 Swiftness                Air            4%         N/A       34%         3
 Frozen Ramparts          Ice            8%         1d2       36%         3
 Hailstorm                Conj/Ice       6%         3d4       77%         4
 Invisibility             Hex            2%         N/A       100%        6


Dungeon Overview and Level Annotations

Branches:
Dungeon (3/15)

Altars:

Shops:
D:2 [

Annotations:
D:3 Natasha


Message History

The bullfrog zombie hits you but does no damage.
Casting: Sting (safe; 3% risk of failure)
Confirm with . or Enter, or press ? or * to list all spells.
Aiming: Sting (safe; 3% risk of failure)
Press: ? - help, Shift-Dir - straight line, f/p - bullfrog zombie
Aim: a bullfrog zombie (lightly damaged, 84% to hit)
The sting hits the bullfrog zombie.
The bullfrog zombie partially resists.
The bullfrog zombie is lightly damaged.
The bullfrog zombie barely misses you.
Casting: Sting (safe; 3% risk of failure)
Confirm with . or Enter, or press ? or * to list all spells.
Aiming: Sting (safe; 3% risk of failure)
Press: ? - help, Shift-Dir - straight line, f/p - bullfrog zombie
Aim: a bullfrog zombie (lightly damaged, 84% to hit)
The sting hits the bullfrog zombie.
The bullfrog zombie partially resists.
The bullfrog zombie is lightly damaged.
The bullfrog zombie completely misses you.
The bullfrog zombie closely misses you.
Casting: Sting (safe; 3% risk of failure)
Confirm with . or Enter, or press ? or * to list all spells.
You don't know that spell.
Unknown command.
Casting: Sting (safe; 3% risk of failure)
Confirm with . or Enter, or press ? or * to list all spells.
Okay, then.
You hit the bullfrog zombie.
The bullfrog zombie is moderately damaged.
The bullfrog zombie hits you.
You hit the bullfrog zombie but do no damage.
The bullfrog zombie is moderately damaged.
The bullfrog zombie hits you. x2
* * * LOW HITPOINT WARNING * * *
Natasha hisses angrily.
You hear a shout!
You see here 8 gold pieces.
The bullfrog zombie hits you.
* * * LOW HITPOINT WARNING * * *
You closely miss the bullfrog zombie.
The bullfrog zombie is moderately damaged.
The bullfrog zombie hits you.
You die...

# #.. .### #. #.##
#... #..#.. ..# ....
..# #.###.####..#
#......!....#
#####.##.#.## ##
##..#.Z..# ###
#.###.#...@..# ##.#
#...####...## #.##
##.## #...# <..##
##.## ###...#
###.###.##..........
..#..#...............
#.#.#..###............
#.#..# ####...####
..##.#


You could see a bullfrog zombie.

Vanquished Creatures
  2 adders (D:2)
  4 dart slugs
  4 ball pythons
  6 bats
  3 endoplasms
  3 giant cockroaches (D:2)
  4 goblins
  A hobgoblin (D:1)
  2 quokkas
  4 frilled lizards (D:2)
  4 kobolds
  5 rats
42 creatures vanquished.

Notes
Turn   | Place    | Note
-------+----------+-------------------------------------------
     0 | D:1      | spaced the Deep Elf Venom Mage began the quest for the Orb.
     0 | D:1      | Reached XP level 1. HP: 10/10 MP: 6/6
   181 | D:1      | Reached XP level 2. HP: 11/15 MP: 5/8
   188 | D:1      | Learned a level 2 spell: Passwall
   191 | D:1      | Learned a level 2 spell: Poisonous Vapours
   726 | D:1      | Found a faded altar of an unknown god.
   989 | D:1      | Reached XP level 3. HP: 19/19 MP: 9/9
  1274 | D:1      | Learned a level 1 spell: Freeze
  1755 | D:2      | Reached skill level 4 in Poison Magic
  1945 | D:2      | Found Nocwyhex's Armour Shoppe.
  2045 | D:3      | Reached XP level 4. HP: 24/24 MP: 11/11
  2049 | D:3      | Learned a level 3 spell: Mephitic Cloud
  2068 | D:3      | Noticed Natasha
  2085 | D:3      | Slain by a bullfrog zombie

Illustrated notes

Levels and vault maps discovered:
D:1:      onia_arrival_pyramid, layout_loops_ring,
          shapermc_ecumenical_altar_flowoftime
D:2:      layout_rooms, serial_shops, nicolae_shop_window_shopping
D:3:      layout_loops_cross, chequers_temple_overflow_minitemple, uniq_natasha

Skill      XL: |  1  2  3  4 |
---------------+-------------+-----
Transmutations | 2 |  2.2
Poison Magic   | 4 |  4.0
Stealth        | 3 |  3.0
Dodging        | |  2.6
Spellcasting   | |  3.9

Action                   |  1- 3 |  4- 6 || total
-------------------------+-------+-------++-------
Melee: Unarmed           |     4 |       ||     4
       Short sword       |     9 |       ||     9
       Dagger            |     2 |       ||     2
       Staff             |    11 |     3 ||    14
Throw: Dart              |     4 |       ||     4
 Cast: Sting             |    42 |     4 ||    46
       Passwall          |     2 |       ||     2
       Poisonous Vapours |     9 |       ||     9
       Freeze            |     2 |     2 ||     4
 Stab: Sleeping          |     8 |       ||     8
Armor: Robe              |     5 |     1 ||     6
Dodge: Dodged            |    28 |     6 ||    34
